St.Louis Blues vs Vegas Golden Knights
Created - Wednesday, February 11, 2026 at 07:34
Goals
|
| St.Louis Blues |
0 |
1 |
2 |
3 |
| Vegas Golden Knights |
0 |
0 |
1 |
1 |
|
Shots
|
| St.Louis Blues |
12 |
11 |
16 |
39 |
| Vegas Golden Knights |
6 |
7 |
21 |
34 |
|
1st period
No Goal
Penalties :
Brandon Tanev (STL) for Diving (Minor) at 1:22, Zach Bogosian (VGK) for Slashing (Double Minor) at 9:28, Zach Bogosian (VGK) for Holding (Minor) at 14:55
2nd period
1. St.Louis Blues , Isac Lundestrom 1 (Vincent Trocheck 6, Brandon Hagel 7) at 0:54 (PP)
Penalties :
Mika Zibanejad (VGK) for Cross-checking (Minor) at 0:13, Roman Josi (VGK) for High sticking (Minor) at 2:15
3rd period
2. Vegas Golden Knights , Mathieu Olivier 3 (Andreas Athanasiou 7, Anthony Mantha 5) at 1:42
3. St.Louis Blues , Nikita Kucherov 12 (Jack Eichel 13, Robert Thomas 9) at 4:27
4. St.Louis Blues , Nikita Kucherov 13 (Jack Eichel 14, Jake Guentzel 9) at 6:50 (PP)
Penalties :
Shea Theodore (VGK) for Holding (Minor) at 5:48, Shea Theodore (VGK) for Holding (Minor) at 10:47, Reilly Smith (VGK) for Roughing (Minor) at 17:50
Goalie Stats
Will Cranley (STL), 33 saves from 34 shots - (0.971), W, 2-0-0, 60:00 minutes
Philipp Grubauer (VGK), 36 saves from 39 shots - (0.923), L, 3-3-1, 60:00 minutes
Players Stats for St.Louis Blues
Player Name G A P +/- PIM S H SB GA TA FO MP PP MP PK MP
------------------------------------------------------------------------------------
Adam Pelech 0 0 0 -1 0 0 1 1 0 1 0/0 8:38 0:00 0:00
Alex Tuch 0 0 0 -1 0 2 3 1 0 0 0/0 16:18 5:44 0:00
Artem Zub 0 0 0 -1 0 0 3 0 0 0 0/0 9:24 0:00 0:46
Brandon Hagel 0 1 1 -1 0 1 0 1 0 0 0/0 15:51 6:00 0:00
Brandon Tanev 0 0 0 0 2 1 2 0 1 0 0/0 7:13 0:25 0:00
Brayden Point 0 0 0 0 0 3 1 1 1 0 4/11 19:41 7:32 0:00
Colton Parayko 0 0 0 1 0 1 3 2 0 0 0/0 20:17 1:09 1:06
Isac Lundestrom 1 0 1 0 0 3 2 0 0 0 2/4 12:06 6:00 0:51
Jaccob Slavin 0 0 0 0 0 2 0 3 1 1 0/0 16:48 0:00 0:46
Jack Eichel 0 2 2 1 0 4 2 0 0 0 1/1 23:00 7:13 0:00
Jake Guentzel 0 1 1 0 0 2 0 1 0 0 6/8 19:47 7:13 0:27
Jake Sanderson 0 0 0 1 0 3 0 1 0 1 0/0 27:17 7:32 1:13
Logan O'Connor 0 0 0 0 0 0 1 0 0 0 0/0 7:23 0:01 0:51
Mark Stone 0 0 0 0 0 1 0 0 0 0 1/3 13:54 0:45 0:00
Mikhail Sergachev 0 0 0 0 0 1 1 4 0 1 0/0 23:23 5:30 0:07
Nikita Kucherov 2 0 2 1 0 6 0 1 0 0 0/3 23:36 6:55 0:54
Robert Thomas 0 1 1 1 0 4 2 0 1 0 12/25 16:38 0:11 0:00
Vincent Trocheck 0 1 1 -1 0 5 3 0 0 0 3/9 16:46 6:00 0:55
Players Stats for Vegas Golden Knights
Player Name G A P +/- PIM S H SB GA TA FO MP PP MP PK MP
------------------------------------------------------------------------------------
Andreas Athanasiou 0 1 1 1 0 1 1 0 0 0 3/8 13:20 0:00 6:07
Anthony Mantha 0 1 1 1 0 0 0 0 0 0 0/1 8:10 0:57 0:00
Auston Matthews 0 0 0 0 0 2 1 1 1 0 0/2 18:26 1:09 2:25
Bryan Rust 0 0 0 0 0 1 2 1 0 0 0/0 14:22 1:09 0:00
Cole Smith 0 0 0 0 0 2 1 0 0 0 0/1 17:38 0:00 6:16
Erik Johnson 0 0 0 -1 0 2 1 1 0 0 0/0 19:26 0:00 6:52
Jared McCann 0 0 0 -1 0 5 1 0 0 1 0/1 14:35 0:50 0:00
Jordan Staal 0 0 0 0 0 4 2 0 2 0 8/9 17:00 0:50 5:52
Mathew Barzal 0 0 0 -1 0 2 1 0 0 0 13/23 16:27 1:02 1:53
Mathieu Olivier 1 0 1 1 0 1 3 1 0 0 0/0 7:03 0:00 0:00
Mika Zibanejad 0 0 0 0 2 3 0 0 0 1 9/15 14:00 1:09 0:00
Reilly Smith 0 0 0 0 2 4 2 1 0 0 1/3 16:30 0:00 4:51
Roman Josi 0 0 0 1 2 0 1 1 1 0 0/0 20:26 0:00 5:46
Shea Theodore 0 0 0 -1 4 1 0 2 0 0 0/0 13:53 0:00 0:12
Thomas Chabot 0 0 0 0 0 1 1 3 0 0 0/0 23:45 0:57 6:56
Travis Hamonic 0 0 0 0 0 1 0 3 0 0 0/0 19:26 0:00 3:28
Tyler Toffoli 0 0 0 -1 0 3 3 0 0 1 1/1 13:31 0:50 0:00
Zach Bogosian 0 0 0 1 6 1 3 0 0 1 0/0 18:17 1:02 3:54
3 Stars
1 - Will Cranley (STL)
2 - Nikita Kucherov (STL)
3 - Jack Eichel (STL)
Power Play
St.Louis Blues - 2 on 8 Attempt(s) - 25.00%
Vegas Golden Knights - 0 on 1 Attempt(s) - 0.00%
Penalty Kill
St.Louis Blues - 1 on 1 Attempt(s) - 100.00%
- Score 0 goal in Penalty Kill
Vegas Golden Knights - 6 on 8 Attempt(s) - 75.00%
- Score 0 goal in Penalty Kill
Team Stat
St.Louis Blues - Hits : 24 - Faceoff Wins : 29 - Blocked Shots : 16 - Penalty Minutes : 2
Vegas Golden Knights - Hits : 23 - Faceoff Wins : 35 - Blocked Shots : 14 - Penalty Minutes : 16
Official
Referees : Brian Pochmara and Kelly Sutherland
Linesman : Ryan Gibbons and Ben O'Quinn
Game Notes
No Game Note
Finance
Level 1 -- Attendance: 5305 (88.42%) -- Ticket Income $503,975
Level 2 -- Attendance: 4766 (95.32%) -- Ticket Income $262,130
Level 3 -- Attendance: 3000 (100.00%) -- Ticket Income $90,000
Level 4 -- Attendance: 4607 (92.14%) -- Ticket Income $92,140
Luxury Box -- Attendance: 1000 (100.00%) -- Ticket Income $190,000
Game was played at the T-Mobile Arena.
Total Attendance: 18678 (93.39%)
Total Ticket Income: $1,138,245
Other Income: $398,386
Total Income: $1,536,631
St.Louis Blues
5 vs 5 Forward
Center Left Wing Right Wing Time % Phy DF OF
1 Robert Thomas Jack Eichel Nikita Kucherov 40 0 2 3
2 Brayden Point Jake Guentzel Mark Stone 30 0 2 3
3 Vincent Trocheck Brandon Hagel Alex Tuch 25 1 2 2
4 Isac Lundestrom Brandon Tanev Logan O'Connor 5 1 3 1
5 vs 5 Defense
Defense Defense Time % Phy DF OF
1 Jake Sanderson Colton Parayko 45 0 3 2
2 Mikhail Sergachev Jaccob Slavin 35 0 3 2
3 Artem Zub Adam Pelech 20 1 2 2
4 Jake Sanderson Colton Parayko 0 0 3 2
PowerPlay Forward
Center Left Wing Right Wing Time % Phy DF OF
1 Jake Guentzel Jack Eichel Nikita Kucherov 60 0 0 5
2 Vincent Trocheck Brandon Hagel Isac Lundestrom 40 0 0 5
PowerPlay Defense
Defense Defense Time % Phy DF OF
1 Brayden Point Jake Sanderson 60 0 0 5
2 Alex Tuch Mikhail Sergachev 40 0 0 5
Penalty Kill 4 Players Forward
Center Wing Time % Phy DF OF
1 Vincent Trocheck Brandon Tanev 50 0 5 0
2 Isac Lundestrom Logan O'Connor 50 0 5 0
Penalty Kill 4 Players Defense
Defense Defense Time % Phy DF OF
1 Colton Parayko Jake Sanderson 50 1 4 0
2 Jaccob Slavin Artem Zub 50 1 4 0
Penalty Kill - 3 Players Forward
Forward Time % Phy DF OF
1 Vincent Trocheck 50 0 5 0
2 Isac Lundestrom 50 0 5 0
Penalty Kill - 3 Players Defense
Defense Defense Time % Phy DF OF
1 Colton Parayko Mikhail Sergachev 50 0 5 0
2 Jaccob Slavin Artem Zub 50 0 5 0
4 vs 4 Forward
Center Wing Time % Phy DF OF
1 Jack Eichel Nikita Kucherov 50 0 2 3
2 Vincent Trocheck Brayden Point 50 0 2 3
4 vs 4 Defense
Defense Defense Time % Phy DF OF
1 Jake Sanderson Jaccob Slavin 50 0 3 2
2 Mikhail Sergachev Colton Parayko 50 0 3 2
Last Minutes Offensive
Center Left Wing Right Wing Defense Defense
Robert Thomas Jack Eichel Nikita Kucherov Brayden Point Jake Sanderson
Last Minutes Defensive
Center Left Wing Right Wing Defense Defense
Vincent Trocheck Isac Lundestrom Brandon Tanev Jaccob Slavin Colton Parayko
Goaltenders
Starting : Will Cranley
Backup : Connor Hellebuyck
Extra Forwards
Normal : Jake Guentzel, Alex Tuch, Mark Stone - PP : Nikita Kucherov, Mark Stone - PK : Nikita Kucherov
Extra Defensemen
Normal : Mikhail Sergachev, Jaccob Slavin, Artem Zub - PP : Colton Parayko - PK : Artem Zub, Mikhail Sergachev
Penalty Shots
Alex Tuch, Brayden Point, Jake Guentzel, Jack Eichel, Nikita Kucherov
Scratches
Matthew Seminoff (Healthy), Connor Clifton (Healthy), Joona Koppanen (Healthy), Scott Wedgewood (Left Hand Injury)
Vegas Golden Knights
5 vs 5 Forward
Center Left Wing Right Wing Time % Phy DF OF
1 Mika Zibanejad Auston Matthews Bryan Rust 30 1 2 2
2 Mathew Barzal Jared McCann Tyler Toffoli 30 1 2 2
3 Jordan Staal Cole Smith Reilly Smith 25 1 2 2
4 Andreas Athanasiou Anthony Mantha Mathieu Olivier 15 1 2 2
5 vs 5 Defense
Defense Defense Time % Phy DF OF
1 Roman Josi Zach Bogosian 35 1 2 2
2 Thomas Chabot Travis Hamonic 35 1 2 2
3 Shea Theodore Erik Johnson 30 1 2 2
4 Zach Bogosian Thomas Chabot 0 1 2 2
PowerPlay Forward
Center Left Wing Right Wing Time % Phy DF OF
1 Mika Zibanejad Auston Matthews Bryan Rust 50 1 2 2
2 Jordan Staal Jared McCann Tyler Toffoli 50 1 2 2
PowerPlay Defense
Defense Defense Time % Phy DF OF
1 Mathew Barzal Zach Bogosian 50 1 2 2
2 Anthony Mantha Thomas Chabot 50 1 2 2
Penalty Kill 4 Players Forward
Center Wing Time % Phy DF OF
1 Jordan Staal Reilly Smith 50 1 2 2
2 Andreas Athanasiou Cole Smith 50 1 2 2
Penalty Kill 4 Players Defense
Defense Defense Time % Phy DF OF
1 Thomas Chabot Zach Bogosian 50 1 2 2
2 Roman Josi Erik Johnson 50 1 2 2
Penalty Kill - 3 Players Forward
Forward Time % Phy DF OF
1 Jordan Staal 50 1 2 2
2 Andreas Athanasiou 50 1 2 2
Penalty Kill - 3 Players Defense
Defense Defense Time % Phy DF OF
1 Thomas Chabot Zach Bogosian 50 1 2 2
2 Travis Hamonic Erik Johnson 50 1 2 2
4 vs 4 Forward
Center Wing Time % Phy DF OF
1 Mika Zibanejad Auston Matthews 50 1 2 2
2 Jordan Staal Bryan Rust 50 1 2 2
4 vs 4 Defense
Defense Defense Time % Phy DF OF
1 Erik Johnson Zach Bogosian 50 1 2 2
2 Thomas Chabot Travis Hamonic 50 1 2 2
Last Minutes Offensive
Center Left Wing Right Wing Defense Defense
Mika Zibanejad Auston Matthews Bryan Rust Roman Josi Thomas Chabot
Last Minutes Defensive
Center Left Wing Right Wing Defense Defense
Jordan Staal Auston Matthews Bryan Rust Thomas Chabot Zach Bogosian
Goaltenders
Starting : Philipp Grubauer
Backup : Mackenzie Blackwood
Extra Forwards
Normal : Bryan Rust, Auston Matthews, Mika Zibanejad - PP : Jordan Staal, Reilly Smith - PK : Auston Matthews
Extra Defensemen
Normal : Thomas Chabot, Erik Johnson, Zach Bogosian - PP : Thomas Chabot - PK : Zach Bogosian, Thomas Chabot
Penalty Shots
Auston Matthews, Mika Zibanejad, Bryan Rust, Jordan Staal, Tyler Toffoli
Scratches
Brendan Smith (Healthy), Jack Johnson (Healthy), Sean Monahan (Healthy)
% Time on Ice - St.Louis Blues
Lines # - Real PCT - Wanted PCT - Time Play
Normal Forward
1 - 37% - 40% - 16:16
2 - 28% - 30% - 12:26
3 - 22% - 25% - 9:37
4 - 14% - 5% - 6:04
Normal Defense
1 - 41% - 45% - 17:59
2 - 40% - 35% - 17:46
3 - 19% - 20% - 8:38
4 - 0% - 0% - 0:00
PP Forward
1 - 55% - 60% - 7:28
2 - 45% - 40% - 6:10
PP Defense
1 - 55% - 60% - 7:32
2 - 45% - 40% - 6:06
PK Forward
1 - 57% - 50% - 1:08
2 - 43% - 50% - 0:51
PK Defense
1 - 55% - 50% - 1:06
2 - 45% - 50% - 0:53
PK3 Forward
1 - 0% - 50%
2 - 0% - 50%
PK3 Defense
1 - 0% - 50%
2 - 0% - 50%
44 Forward
1 - 0% - 50%
2 - 0% - 50%
44 Defense
1 - 0% - 50%
2 - 0% - 50%
Last Minute Offensive - 0:00
Last Minute Defensive - 0:00
Total
Forward - 60:00
Defense - 60:00
|
% Time on Ice - Vegas Golden Knights
Lines # - Real PCT - Wanted PCT - Time Play
Normal Forward
1 - 30% - 30% - 13:17
2 - 29% - 30% - 12:57
3 - 25% - 25% - 11:06
4 - 16% - 15% - 7:03
Normal Defense
1 - 35% - 35% - 15:24
2 - 36% - 35% - 15:53
3 - 29% - 30% - 12:51
4 - 1% - 0% - 0:15
PP Forward
1 - 58% - 50% - 1:09
2 - 42% - 50% - 0:50
PP Defense
1 - 52% - 50% - 1:02
2 - 48% - 50% - 0:57
PK Forward
1 - 52% - 50% - 7:02
2 - 48% - 50% - 6:36
PK Defense
1 - 51% - 50% - 6:58
2 - 49% - 50% - 6:40
PK3 Forward
1 - 0% - 50%
2 - 0% - 50%
PK3 Defense
1 - 0% - 50%
2 - 0% - 50%
44 Forward
1 - 0% - 50%
2 - 0% - 50%
44 Defense
1 - 0% - 50%
2 - 0% - 50%
Last Minute Offensive - 0:00
Last Minute Defensive - 0:00
Total
Forward - 60:00
Defense - 60:00
|
Play-by-Play
1st period
0:01 of 1st period - Robert Thomas wins face-off versus Mika Zibanejad in neutral zone.
0:08 of 1st period - Backhand shot by Jack Eichel.
0:08 of 1st period - Stopped by Philipp Grubauer with a rebound.
0:10 of 1st period - Slapshot by Jake Sanderson.
0:10 of 1st period - Stopped by Philipp Grubauer without a rebound.
0:11 of 1st period - Mathew Barzal wins face-off versus Brayden Point in Vegas Golden Knights zone.
0:11 of 1st period - Mathew Barzal is hit by Mikhail Sergachev.
1:11 of 1st period - Snap shot by Jordan Staal.
1:11 of 1st period - Shot Blocked by Adam Pelech.
1:22 of 1st period - Minor Penalty to Brandon Tanev for Diving.
1:23 of 1st period - Mika Zibanejad wins face-off versus Vincent Trocheck in St.Louis Blues zone.
1:25 of 1st period - Snap shot by Mika Zibanejad.
1:25 of 1st period - Shot Misses the Net.
2:59 of 1st period - Mathew Barzal is hit by Artem Zub and loses puck.
3:12 of 1st period - Mika Zibanejad is hit by Artem Zub and loses puck.
3:22 of 1st period - Penalty to Brandon Tanev is over, Brandon Tanev is back on ice.
3:25 of 1st period - Brandon Tanev is hit by Cole Smith and loses puck.
3:36 of 1st period - Snap shot by Isac Lundestrom.
3:36 of 1st period - Shot Misses the Net.
3:54 of 1st period - Snap shot by Jake Guentzel.
3:54 of 1st period - Deflect By Brayden Point.
3:54 of 1st period - Shot Misses the Net.
3:54 of 1st period - Puck is out of play.
3:55 of 1st period - Mark Stone wins face-off versus Jared McCann in Vegas Golden Knights zone.
4:20 of 1st period - Wrist shot by Jake Guentzel.
4:20 of 1st period - Shot Blocked by Reilly Smith.
4:47 of 1st period - Slapshot by Shea Theodore.
4:47 of 1st period - Deflect By Jared McCann.
4:47 of 1st period - Stopped by Will Cranley without a rebound.
4:48 of 1st period - Robert Thomas wins face-off versus Auston Matthews in St.Louis Blues zone.
4:55 of 1st period - Snap shot by Robert Thomas.
4:55 of 1st period - Stopped by Philipp Grubauer with a rebound.
5:05 of 1st period - Snap shot by Auston Matthews.
5:05 of 1st period - Stopped by Will Cranley without a rebound.
5:06 of 1st period - Andreas Athanasiou wins face-off versus Vincent Trocheck in St.Louis Blues zone.
5:19 of 1st period - Snap shot by Andreas Athanasiou.
5:19 of 1st period - Shot Blocked by Brandon Hagel.
6:02 of 1st period - Slapshot by Brayden Point.
6:02 of 1st period - Shot Blocked by Shea Theodore.
6:04 of 1st period - Wrist shot by Jake Guentzel.
6:04 of 1st period - Stopped by Philipp Grubauer without a rebound.
6:05 of 1st period - Jordan Staal wins face-off versus Brayden Point in Vegas Golden Knights zone.
6:35 of 1st period - Jaccob Slavin is hit by Jordan Staal and loses puck.
6:46 of 1st period - Wrist shot by Brayden Point.
6:46 of 1st period - Shot Blocked by Travis Hamonic.
6:48 of 1st period - Slapshot by Jaccob Slavin.
6:48 of 1st period - Stopped by Philipp Grubauer with a rebound.
6:50 of 1st period - Snap shot by Brayden Point.
6:50 of 1st period - Stopped by Philipp Grubauer with a rebound.
6:52 of 1st period - Slapshot by Jaccob Slavin.
6:52 of 1st period - Stopped by Philipp Grubauer with a rebound.
6:54 of 1st period - Wrist shot by Mark Stone.
6:54 of 1st period - Shot Misses the Net.
6:56 of 1st period - Slapshot by Jaccob Slavin.
6:56 of 1st period - Shot Blocked by Thomas Chabot.
6:58 of 1st period - Slapshot by Mikhail Sergachev.
6:58 of 1st period - Shot Misses the Net.
7:00 of 1st period - Slapshot by Mikhail Sergachev.
7:00 of 1st period - Shot Blocked by Thomas Chabot.
7:02 of 1st period - Slapshot by Mikhail Sergachev.
7:02 of 1st period - Stopped by Philipp Grubauer without a rebound.
7:03 of 1st period - Robert Thomas wins face-off versus Mika Zibanejad in Vegas Golden Knights zone.
7:04 of 1st period - Backhand shot by Jack Eichel.
7:04 of 1st period - Shot Blocked by Erik Johnson.
7:06 of 1st period - Snap shot by Colton Parayko.
7:06 of 1st period - Shot Misses the Net.
7:30 of 1st period - Erik Johnson is hit by Logan O'Connor.
7:50 of 1st period - Snap shot by Mika Zibanejad.
7:50 of 1st period - Stopped by Will Cranley without a rebound.
7:51 of 1st period - Tyler Toffoli wins face-off versus Robert Thomas in St.Louis Blues zone.
8:28 of 1st period - Icing by Anthony Mantha.
8:29 of 1st period - Vincent Trocheck wins face-off versus Andreas Athanasiou in Vegas Golden Knights zone.
8:34 of 1st period - Snap shot by Vincent Trocheck.
8:34 of 1st period - Stopped by Philipp Grubauer without a rebound.
8:35 of 1st period - Mathew Barzal wins face-off versus Vincent Trocheck in Vegas Golden Knights zone.
8:40 of 1st period - Slapshot by Jared McCann.
8:40 of 1st period - Deflect By Jake Sanderson.
8:40 of 1st period - Stopped by Will Cranley with a rebound.
9:25 of 1st period - Wrist shot by Alex Tuch.
9:25 of 1st period - Stopped by Philipp Grubauer without a rebound.
9:26 of 1st period - Mathew Barzal wins face-off versus Robert Thomas in Vegas Golden Knights zone.
9:28 of 1st period - Double Minor Penalty to Zach Bogosian for Slashing.
9:29 of 1st period - Jake Guentzel wins face-off versus Reilly Smith in Vegas Golden Knights zone.
9:47 of 1st period - Andreas Athanasiou is hit by Jack Eichel and loses puck.
9:58 of 1st period - Isac Lundestrom is hit by Reilly Smith and loses puck.
10:07 of 1st period - Brayden Point is hit by Jordan Staal and loses puck.
10:46 of 1st period - Roman Josi is hit by Isac Lundestrom and loses puck.
11:32 of 1st period - Off-side.
11:33 of 1st period - Jake Guentzel wins face-off versus Auston Matthews in neutral zone.
11:48 of 1st period - Nikita Kucherov is hit by Erik Johnson.
13:28 of 1st period - Penalty to Zach Bogosian is over, Zach Bogosian is back on ice.
13:50 of 1st period - Brandon Tanev is hit by Jared McCann and loses puck.
13:58 of 1st period - Icing by Artem Zub.
13:59 of 1st period - Vincent Trocheck wins face-off versus Andreas Athanasiou in St.Louis Blues zone.
14:09 of 1st period - Off-side.
14:10 of 1st period - Mika Zibanejad wins face-off versus Robert Thomas in neutral zone.
14:17 of 1st period - Slapshot by Auston Matthews.
14:17 of 1st period - Shot Misses the Net.
14:19 of 1st period - Wrist shot by Bryan Rust.
14:19 of 1st period - Shot Blocked by Nikita Kucherov.
14:47 of 1st period - Slapshot by Brayden Point.
14:47 of 1st period - Stopped by Philipp Grubauer with a rebound.
14:49 of 1st period - Slapshot by Colton Parayko.
14:49 of 1st period - Shot Misses the Net.
14:55 of 1st period - Minor Penalty to Zach Bogosian for Holding.
14:56 of 1st period - Jake Guentzel wins face-off versus Andreas Athanasiou in Vegas Golden Knights zone.
15:07 of 1st period - Snap shot by Jack Eichel.
15:07 of 1st period - Shot Misses the Net.
15:09 of 1st period - Wrist shot by Jake Guentzel.
15:09 of 1st period - Shot Misses the Net.
15:11 of 1st period - Wrist shot by Jake Sanderson.
15:11 of 1st period - Stopped by Philipp Grubauer with a rebound.
15:23 of 1st period - Roman Josi is hit by Isac Lundestrom and loses puck.
15:38 of 1st period - Wrist shot by Reilly Smith.
15:38 of 1st period - Stopped by Will Cranley with a rebound.
15:40 of 1st period - Slapshot by Travis Hamonic.
15:40 of 1st period - Shot Blocked by Mikhail Sergachev.
15:42 of 1st period - Snap shot by Jordan Staal.
15:42 of 1st period - Shot Misses the Net.
15:44 of 1st period - Slapshot by Thomas Chabot.
15:44 of 1st period - Shot Blocked by Mikhail Sergachev.
15:46 of 1st period - Wrist shot by Jordan Staal.
15:46 of 1st period - Shot Blocked by Alex Tuch.
15:48 of 1st period - Snap shot by Reilly Smith.
15:48 of 1st period - Shot Misses the Net.
16:04 of 1st period - Jordan Staal is hit by Vincent Trocheck and loses puck.
16:55 of 1st period - Penalty to Zach Bogosian is over, Zach Bogosian is back on ice.
18:48 of 1st period - Snap shot by Reilly Smith.
18:48 of 1st period - Stopped by Will Cranley with a rebound.
Goals for this period are 0 for St.Louis Blues vs 0 for Vegas Golden Knights.
Shots for this period are 12 for St.Louis Blues vs 6 for Vegas Golden Knights.
2nd period
0:01 of 2nd period - Mika Zibanejad wins face-off versus Robert Thomas in neutral zone.
0:13 of 2nd period - Minor Penalty to Mika Zibanejad for Cross-checking.
0:14 of 2nd period - Jake Guentzel wins face-off versus Andreas Athanasiou in Vegas Golden Knights zone.
0:18 of 2nd period - Slapshot by Jack Eichel.
0:18 of 2nd period - Stopped by Philipp Grubauer with a rebound.
0:20 of 2nd period - Wrist shot by Nikita Kucherov.
0:20 of 2nd period - Shot Misses the Net.
0:22 of 2nd period - Slapshot by Jake Guentzel.
0:22 of 2nd period - Stopped by Philipp Grubauer with a rebound.
0:52 of 2nd period - Snap shot by Vincent Trocheck.
0:52 of 2nd period - Stopped by Philipp Grubauer with a rebound.
0:54 of 2nd period - Snap shot by Isac Lundestrom.
0:54 of 2nd period - Goal by Isac Lundestrom - St.Louis Blues : 1 - Vegas Golden Knights : 0.
0:55 of 2nd period - Robert Thomas wins face-off versus Mathew Barzal in neutral zone.
0:58 of 2nd period - Snap shot by Jack Eichel.
0:58 of 2nd period - Shot Misses the Net.
2:08 of 2nd period - Wrist shot by Logan O'Connor.
2:08 of 2nd period - Shot Misses the Net.
2:10 of 2nd period - Wrist shot by Logan O'Connor.
2:10 of 2nd period - Deflect By Brandon Tanev.
2:10 of 2nd period - Stopped by Philipp Grubauer with a rebound.
2:15 of 2nd period - Minor Penalty to Roman Josi for High sticking.
2:16 of 2nd period - Jordan Staal wins face-off versus Jake Guentzel in Vegas Golden Knights zone.
4:15 of 2nd period - Penalty to Roman Josi is over, Roman Josi is back on ice.
4:28 of 2nd period - Slapshot by Jared McCann.
4:28 of 2nd period - Stopped by Will Cranley without a rebound.
4:29 of 2nd period - Mathew Barzal wins face-off versus Mark Stone in St.Louis Blues zone.
4:32 of 2nd period - Slapshot by Tyler Toffoli.
4:32 of 2nd period - Deflect By Jake Sanderson.
4:32 of 2nd period - Stopped by Will Cranley without a rebound.
4:33 of 2nd period - Brayden Point wins face-off versus Mathew Barzal in St.Louis Blues zone.
5:24 of 2nd period - Cole Smith is hit by Brandon Tanev and loses puck.
5:37 of 2nd period - Alex Tuch is hit by Mathew Barzal.
5:43 of 2nd period - Snap shot by Vincent Trocheck.
5:43 of 2nd period - Stopped by Philipp Grubauer without a rebound.
5:44 of 2nd period - Mathew Barzal wins face-off versus Robert Thomas in Vegas Golden Knights zone.
5:57 of 2nd period - Wrist shot by Jared McCann.
5:57 of 2nd period - Shot Misses the Net.
6:17 of 2nd period - Wrist shot by Vincent Trocheck.
6:17 of 2nd period - Shot Misses the Net.
6:45 of 2nd period - Brayden Point is hit by Auston Matthews and loses puck.
7:06 of 2nd period - Slapshot by Robert Thomas.
7:06 of 2nd period - Stopped by Philipp Grubauer with a rebound.
7:16 of 2nd period - Travis Hamonic is hit by Colton Parayko and loses puck.
8:27 of 2nd period - Wrist shot by Nikita Kucherov.
8:27 of 2nd period - Stopped by Philipp Grubauer with a rebound.
9:39 of 2nd period - Roman Josi is hit by Jack Eichel and loses puck.
9:54 of 2nd period - Anthony Mantha is hit by Brayden Point.
9:58 of 2nd period - Brayden Point is hit by Mathieu Olivier and loses puck.
10:05 of 2nd period - Jake Guentzel is hit by Zach Bogosian and loses puck.
10:25 of 2nd period - Mathew Barzal is hit by Alex Tuch and loses puck.
10:42 of 2nd period - Robert Thomas is hit by Bryan Rust and loses puck.
10:49 of 2nd period - Nikita Kucherov is hit by Zach Bogosian.
10:53 of 2nd period - Zach Bogosian is hit by Robert Thomas and loses puck.
11:04 of 2nd period - Wrist shot by Isac Lundestrom.
11:04 of 2nd period - Shot Blocked by Shea Theodore.
11:18 of 2nd period - Snap shot by Bryan Rust.
11:18 of 2nd period - Shot Blocked by Colton Parayko.
11:26 of 2nd period - Shea Theodore is hit by Alex Tuch and loses puck.
13:41 of 2nd period - Travis Hamonic is hit by Artem Zub and loses puck.
14:18 of 2nd period - Jared McCann is hit by Adam Pelech and loses puck.
14:23 of 2nd period - Snap shot by Robert Thomas.
14:23 of 2nd period - Stopped by Philipp Grubauer with a rebound.
14:41 of 2nd period - Auston Matthews is hit by Colton Parayko and loses puck.
14:52 of 2nd period - Anthony Mantha is hit by Brandon Tanev and loses puck.
15:05 of 2nd period - Wrist shot by Mikhail Sergachev.
15:05 of 2nd period - Shot Misses the Net.
15:12 of 2nd period - Icing by Auston Matthews.
15:13 of 2nd period - Jordan Staal wins face-off versus Vincent Trocheck in Vegas Golden Knights zone.
15:13 of 2nd period - Jordan Staal is hit by Alex Tuch.
15:19 of 2nd period - Slapshot by Brandon Hagel.
15:19 of 2nd period - Deflect By Alex Tuch.
15:19 of 2nd period - Stopped by Philipp Grubauer with a rebound.
15:26 of 2nd period - Icing by Jordan Staal.
15:27 of 2nd period - Robert Thomas wins face-off versus Reilly Smith in Vegas Golden Knights zone.
15:32 of 2nd period - Wrist shot by Nikita Kucherov.
15:32 of 2nd period - Shot Blocked by Auston Matthews.
15:50 of 2nd period - Wrist shot by Jordan Staal.
15:50 of 2nd period - Shot Misses the Net.
15:52 of 2nd period - Snap shot by Cole Smith.
15:52 of 2nd period - Stopped by Will Cranley without a rebound.
15:53 of 2nd period - Mathew Barzal wins face-off versus Brayden Point in St.Louis Blues zone.
15:56 of 2nd period - Wrist shot by Tyler Toffoli.
15:56 of 2nd period - Deflect By Jared McCann.
15:56 of 2nd period - Shot Blocked by Colton Parayko.
15:56 of 2nd period - Puck is out of play.
15:57 of 2nd period - Mathew Barzal wins face-off versus Brayden Point in St.Louis Blues zone.
16:00 of 2nd period - Snap shot by Mathew Barzal.
16:00 of 2nd period - Shot Misses the Net.
16:14 of 2nd period - Snap shot by Jared McCann.
16:14 of 2nd period - Stopped by Will Cranley with a rebound.
17:00 of 2nd period - Snap shot by Andreas Athanasiou.
17:00 of 2nd period - Stopped by Will Cranley without a rebound.
17:01 of 2nd period - Robert Thomas wins face-off versus Anthony Mantha in St.Louis Blues zone.
17:14 of 2nd period - Mikhail Sergachev is hit by Mathieu Olivier and loses puck.
17:36 of 2nd period - Wrist shot by Brayden Point.
17:36 of 2nd period - Stopped by Philipp Grubauer without a rebound.
17:37 of 2nd period - Mika Zibanejad wins face-off versus Robert Thomas in Vegas Golden Knights zone.
18:14 of 2nd period - Wrist shot by Reilly Smith.
18:14 of 2nd period - Stopped by Will Cranley without a rebound.
18:15 of 2nd period - Brayden Point wins face-off versus Mika Zibanejad in St.Louis Blues zone.
18:42 of 2nd period - Jaccob Slavin is hit by Thomas Chabot.
18:46 of 2nd period - Cole Smith is hit by Vincent Trocheck and loses puck.
19:05 of 2nd period - Jordan Staal is hit by Colton Parayko and loses puck.
19:39 of 2nd period - Off-side.
19:40 of 2nd period - Mika Zibanejad wins face-off versus Brayden Point in neutral zone.
19:53 of 2nd period - Snap shot by Bryan Rust.
19:53 of 2nd period - Shot Blocked by Brayden Point.
19:55 of 2nd period - Slapshot by Erik Johnson.
19:55 of 2nd period - Stopped by Will Cranley with a rebound.
19:57 of 2nd period - Snap shot by Mika Zibanejad.
19:57 of 2nd period - Shot Blocked by Jake Sanderson.
19:59 of 2nd period - Snap shot by Bryan Rust.
19:59 of 2nd period - Shot Misses the Net.
Goals for this period are 1 for St.Louis Blues vs 0 for Vegas Golden Knights.
Shots for this period are 11 for St.Louis Blues vs 7 for Vegas Golden Knights.
3rd period
0:01 of 3rd period - Robert Thomas wins face-off versus Mika Zibanejad in neutral zone.
0:04 of 3rd period - Snap shot by Robert Thomas.
0:04 of 3rd period - Stopped by Philipp Grubauer with a rebound.
1:21 of 3rd period - Snap shot by Jack Eichel.
1:21 of 3rd period - Shot Blocked by Roman Josi.
1:23 of 3rd period - Wrist shot by Nikita Kucherov.
1:23 of 3rd period - Shot Misses the Net.
1:42 of 3rd period - Snap shot by Andreas Athanasiou.
1:42 of 3rd period - Deflect By Mathieu Olivier.
1:42 of 3rd period - Goal by Mathieu Olivier - St.Louis Blues : 1 - Vegas Golden Knights : 1.
1:43 of 3rd period - Robert Thomas wins face-off versus Mathew Barzal in neutral zone.
2:11 of 3rd period - Icing by Bryan Rust.
2:12 of 3rd period - Brayden Point wins face-off versus Mika Zibanejad in Vegas Golden Knights zone.
2:23 of 3rd period - Wrist shot by Mika Zibanejad.
2:23 of 3rd period - Shot Misses the Net.
2:25 of 3rd period - Slapshot by Erik Johnson.
2:25 of 3rd period - Shot Blocked by Mikhail Sergachev.
2:27 of 3rd period - Snap shot by Erik Johnson.
2:27 of 3rd period - Stopped by Will Cranley with a rebound.
2:29 of 3rd period - Slapshot by Shea Theodore.
2:29 of 3rd period - Stopped by Will Cranley with a rebound.
2:33 of 3rd period - Wrist shot by Bryan Rust.
2:33 of 3rd period - Shot Blocked by Jaccob Slavin.
2:35 of 3rd period - Slapshot by Bryan Rust.
2:35 of 3rd period - Shot Misses the Net.
2:49 of 3rd period - Wrist shot by Auston Matthews.
2:49 of 3rd period - Shot Misses the Net.
2:51 of 3rd period - Wrist shot by Shea Theodore.
2:51 of 3rd period - Shot Blocked by Jake Guentzel.
3:11 of 3rd period - Slapshot by Auston Matthews.
3:11 of 3rd period - Stopped by Will Cranley without a rebound.
3:12 of 3rd period - Mathew Barzal wins face-off versus Robert Thomas in St.Louis Blues zone.
3:25 of 3rd period - Wrist shot by Jack Eichel.
3:25 of 3rd period - Stopped by Philipp Grubauer without a rebound.
3:26 of 3rd period - Robert Thomas wins face-off versus Mathew Barzal in Vegas Golden Knights zone.
3:53 of 3rd period - Colton Parayko is hit by Reilly Smith and loses puck.
4:04 of 3rd period - Wrist shot by Vincent Trocheck.
4:04 of 3rd period - Stopped by Philipp Grubauer with a rebound.
4:13 of 3rd period - Off-side.
4:14 of 3rd period - Andreas Athanasiou wins face-off versus Isac Lundestrom in neutral zone.
4:17 of 3rd period - Logan O'Connor is hit by Mathieu Olivier.
4:21 of 3rd period - Slapshot by Mikhail Sergachev.
4:21 of 3rd period - Shot Blocked by Mathieu Olivier.
4:23 of 3rd period - Snap shot by Logan O'Connor.
4:23 of 3rd period - Deflect By Isac Lundestrom.
4:23 of 3rd period - Stopped by Philipp Grubauer without a rebound.
4:24 of 3rd period - Robert Thomas wins face-off versus Mathew Barzal in Vegas Golden Knights zone.
4:27 of 3rd period - Slapshot by Nikita Kucherov.
4:27 of 3rd period - Deflect By Shea Theodore.
4:27 of 3rd period - Goal by Nikita Kucherov - St.Louis Blues : 2 - Vegas Golden Knights : 1.
4:28 of 3rd period - Mathew Barzal wins face-off versus Robert Thomas in neutral zone.
4:33 of 3rd period - Wrist shot by Mathew Barzal.
4:33 of 3rd period - Stopped by Will Cranley without a rebound.
4:34 of 3rd period - Mathew Barzal wins face-off versus Robert Thomas in St.Louis Blues zone.
4:35 of 3rd period - Wrist shot by Jared McCann.
4:35 of 3rd period - Stopped by Will Cranley without a rebound.
4:36 of 3rd period - Mathew Barzal wins face-off versus Nikita Kucherov in St.Louis Blues zone.
4:55 of 3rd period - Jake Sanderson is hit by Tyler Toffoli and loses puck.
5:11 of 3rd period - Icing by Nikita Kucherov.
5:12 of 3rd period - Mika Zibanejad wins face-off versus Robert Thomas in St.Louis Blues zone.
5:21 of 3rd period - Auston Matthews is hit by Robert Thomas and loses puck.
5:30 of 3rd period - Snap shot by Jack Eichel.
5:30 of 3rd period - Shot Hit the Post.
5:32 of 3rd period - Slapshot by Jake Sanderson.
5:32 of 3rd period - Shot Misses the Net.
5:34 of 3rd period - Slapshot by Colton Parayko.
5:34 of 3rd period - Shot Blocked by Travis Hamonic.
5:36 of 3rd period - Slapshot by Robert Thomas.
5:36 of 3rd period - Shot Blocked by Thomas Chabot.
5:38 of 3rd period - Snap shot by Jack Eichel.
5:38 of 3rd period - Shot Blocked by Travis Hamonic.
5:40 of 3rd period - Snap shot by Jack Eichel.
5:40 of 3rd period - Stopped by Philipp Grubauer without a rebound.
5:41 of 3rd period - Vincent Trocheck wins face-off versus Mathew Barzal in Vegas Golden Knights zone.
5:46 of 3rd period - Wrist shot by Brandon Hagel.
5:46 of 3rd period - Shot Misses the Net.
5:48 of 3rd period - Minor Penalty to Shea Theodore for Holding.
5:49 of 3rd period - Jordan Staal wins face-off versus Vincent Trocheck in Vegas Golden Knights zone.
5:58 of 3rd period - Andreas Athanasiou is hit by Vincent Trocheck.
6:02 of 3rd period - Slapshot by Thomas Chabot.
6:02 of 3rd period - Deflect By Cole Smith.
6:02 of 3rd period - Stopped by Will Cranley with a rebound.
6:18 of 3rd period - Slapshot by Jake Sanderson.
6:18 of 3rd period - Deflect By Vincent Trocheck.
6:18 of 3rd period - Shot Misses the Net.
6:18 of 3rd period - Puck is out of play.
6:19 of 3rd period - Jordan Staal wins face-off versus Jake Guentzel in Vegas Golden Knights zone.
6:50 of 3rd period - Slapshot by Jack Eichel.
6:50 of 3rd period - Deflect By Nikita Kucherov.
6:50 of 3rd period - Goal by Nikita Kucherov - St.Louis Blues : 3 - Vegas Golden Knights : 1.
6:51 of 3rd period - Jack Eichel wins face-off versus Mathew Barzal in neutral zone.
7:22 of 3rd period - Off-side.
7:23 of 3rd period - Jordan Staal wins face-off versus Brayden Point in neutral zone.
7:31 of 3rd period - Jaccob Slavin is hit by Zach Bogosian and loses puck.
7:35 of 3rd period - Icing by Mark Stone.
7:36 of 3rd period - Mika Zibanejad wins face-off versus Brayden Point in St.Louis Blues zone.
7:53 of 3rd period - Wrist shot by Bryan Rust.
7:53 of 3rd period - Stopped by Will Cranley without a rebound.
7:54 of 3rd period - Robert Thomas wins face-off versus Mathew Barzal in St.Louis Blues zone.
8:30 of 3rd period - Snap shot by Mika Zibanejad.
8:30 of 3rd period - Stopped by Will Cranley with a rebound.
8:32 of 3rd period - Slapshot by Thomas Chabot.
8:32 of 3rd period - Stopped by Will Cranley without a rebound.
8:33 of 3rd period - Brayden Point wins face-off versus Mathew Barzal in St.Louis Blues zone.
8:48 of 3rd period - Slapshot by Erik Johnson.
8:48 of 3rd period - Shot Misses the Net.
8:50 of 3rd period - Wrist shot by Tyler Toffoli.
8:50 of 3rd period - Deflect By Mathew Barzal.
8:50 of 3rd period - Shot Blocked by Jaccob Slavin.
8:50 of 3rd period - Puck is out of play.
8:51 of 3rd period - Mika Zibanejad wins face-off versus Robert Thomas in St.Louis Blues zone.
9:00 of 3rd period - Wrist shot by Nikita Kucherov.
9:00 of 3rd period - Stopped by Philipp Grubauer with a rebound.
9:02 of 3rd period - Snap shot by Nikita Kucherov.
9:02 of 3rd period - Stopped by Philipp Grubauer with a rebound.
9:04 of 3rd period - Slapshot by Colton Parayko.
9:04 of 3rd period - Shot Misses the Net.
9:06 of 3rd period - Slapshot by Jake Sanderson.
9:06 of 3rd period - Deflect By Nikita Kucherov.
9:06 of 3rd period - Stopped by Philipp Grubauer with a rebound.
9:08 of 3rd period - Snap shot by Nikita Kucherov.
9:08 of 3rd period - Shot Misses the Net.
9:18 of 3rd period - Alex Tuch is hit by Tyler Toffoli and loses puck.
10:19 of 3rd period - Off-side.
10:20 of 3rd period - Isac Lundestrom wins face-off versus Mika Zibanejad in neutral zone.
10:29 of 3rd period - Slapshot by Jake Sanderson.
10:29 of 3rd period - Stopped by Philipp Grubauer without a rebound.
10:30 of 3rd period - Mathew Barzal wins face-off versus Nikita Kucherov in Vegas Golden Knights zone.
10:37 of 3rd period - Wrist shot by Mathew Barzal.
10:37 of 3rd period - Stopped by Will Cranley without a rebound.
10:38 of 3rd period - Robert Thomas wins face-off versus Mathew Barzal in St.Louis Blues zone.
10:38 of 3rd period - Robert Thomas is hit by Tyler Toffoli.
10:47 of 3rd period - Minor Penalty to Shea Theodore for Holding.
10:48 of 3rd period - Jake Guentzel wins face-off versus Jordan Staal in Vegas Golden Knights zone.
11:46 of 3rd period - Brandon Hagel is hit by Roman Josi and loses puck.
12:47 of 3rd period - Penalty to Shea Theodore is over, Shea Theodore is back on ice.
13:02 of 3rd period - Off-side.
13:03 of 3rd period - Mathew Barzal wins face-off versus Mark Stone in neutral zone.
14:09 of 3rd period - Snap shot by Vincent Trocheck.
14:09 of 3rd period - Stopped by Philipp Grubauer without a rebound.
14:10 of 3rd period - Jordan Staal wins face-off versus Vincent Trocheck in Vegas Golden Knights zone.
14:19 of 3rd period - Wrist shot by Jordan Staal.
14:19 of 3rd period - Stopped by Will Cranley without a rebound.
14:20 of 3rd period - Reilly Smith wins face-off versus Robert Thomas in St.Louis Blues zone.
14:23 of 3rd period - Wrist shot by Reilly Smith.
14:23 of 3rd period - Deflect By Jordan Staal.
14:23 of 3rd period - Stopped by Will Cranley with a rebound.
14:31 of 3rd period - Snap shot by Reilly Smith.
14:31 of 3rd period - Shot Misses the Net.
14:39 of 3rd period - Snap shot by Jordan Staal.
14:39 of 3rd period - Stopped by Will Cranley with a rebound.
14:41 of 3rd period - Wrist shot by Jordan Staal.
14:41 of 3rd period - Shot Blocked by Jaccob Slavin.
14:43 of 3rd period - Snap shot by Erik Johnson.
14:43 of 3rd period - Shot Misses the Net.
14:45 of 3rd period - Snap shot by Jordan Staal.
14:45 of 3rd period - Stopped by Will Cranley with a rebound.
14:47 of 3rd period - Wrist shot by Reilly Smith.
14:47 of 3rd period - Stopped by Will Cranley with a rebound.
14:51 of 3rd period - Snap shot by Jordan Staal.
14:51 of 3rd period - Shot Misses the Net.
15:37 of 3rd period - Icing by Nikita Kucherov.
15:38 of 3rd period - Andreas Athanasiou wins face-off versus Robert Thomas in St.Louis Blues zone.
15:39 of 3rd period - Wrist shot by Anthony Mantha.
15:39 of 3rd period - Shot Misses the Net.
15:56 of 3rd period - Icing by Robert Thomas.
15:57 of 3rd period - Mika Zibanejad wins face-off versus Nikita Kucherov in St.Louis Blues zone.
16:00 of 3rd period - Slapshot by Mika Zibanejad.
16:00 of 3rd period - Stopped by Will Cranley with a rebound.
16:02 of 3rd period - Slapshot by Travis Hamonic.
16:02 of 3rd period - Stopped by Will Cranley with a rebound.
16:04 of 3rd period - Wrist shot by Bryan Rust.
16:04 of 3rd period - Shot Blocked by Mikhail Sergachev.
16:30 of 3rd period - Snap shot by Brandon Hagel.
16:30 of 3rd period - Stopped by Philipp Grubauer with a rebound.
16:36 of 3rd period - Jaccob Slavin is hit by Andreas Athanasiou and loses puck.
16:53 of 3rd period - Slapshot by Tyler Toffoli.
16:53 of 3rd period - Stopped by Will Cranley with a rebound.
16:55 of 3rd period - Wrist shot by Zach Bogosian.
16:55 of 3rd period - Stopped by Will Cranley with a rebound.
16:57 of 3rd period - Snap shot by Tyler Toffoli.
16:57 of 3rd period - Stopped by Will Cranley with a rebound.
17:21 of 3rd period - Mark Stone is hit by Bryan Rust and loses puck.
17:30 of 3rd period - Snap shot by Mika Zibanejad.
17:30 of 3rd period - Shot Misses the Net.
17:39 of 3rd period - Wrist shot by Jake Guentzel.
17:39 of 3rd period - Shot Blocked by Bryan Rust.
17:41 of 3rd period - Wrist shot by Mark Stone.
17:41 of 3rd period - Stopped by Philipp Grubauer without a rebound.
17:42 of 3rd period - Isac Lundestrom wins face-off versus Cole Smith in Vegas Golden Knights zone.
17:43 of 3rd period - Snap shot by Jake Sanderson.
17:43 of 3rd period - Shot Misses the Net.
17:45 of 3rd period - Snap shot by Isac Lundestrom.
17:45 of 3rd period - Stopped by Philipp Grubauer with a rebound.
17:47 of 3rd period - Slapshot by Colton Parayko.
17:47 of 3rd period - Stopped by Philipp Grubauer without a rebound.
17:48 of 3rd period - Jordan Staal wins face-off versus Isac Lundestrom in Vegas Golden Knights zone.
17:50 of 3rd period - Minor Penalty to Reilly Smith for Roughing.
17:51 of 3rd period - Jake Guentzel wins face-off versus Andreas Athanasiou in Vegas Golden Knights zone.
17:57 of 3rd period - Slapshot by Jack Eichel.
17:57 of 3rd period - Shot Misses the Net.
19:50 of 3rd period - Penalty to Reilly Smith is over, Reilly Smith is back on ice.
Goals for this period are 2 for St.Louis Blues vs 1 for Vegas Golden Knights.
Shots for this period are 16 for St.Louis Blues vs 21 for Vegas Golden Knights.
Back to the Top